 Dungeon Crawl Stone Soup version 0.25-a0-663-gace7076 (webtiles) character file.

Game seed: 8685179699510788126, levelgen mode: deterministic

128 robertstho the Skirmisher (level 4, -4/42 HPs)
             Began as a Minotaur Abyssal Knight on Mar 24, 2020.
             Was a Believer of Lugonu.
             Killed from afar by an orc wizard (10 damage)
             ... with a puff of frost
             ... on level 3 of the Dungeon.
             The game lasted 00:03:10 (2533 turns).

robertstho the Skirmisher (Minotaur Abyssal Knight) Turns: 2533, Time: 00:03:10

Health: -4/42      AC:  4    Str: 18    XL:     4   Next: 86%
Magic:  3/4        EV: 12    Int:  9    God:    Lugonu [**....]
Gold:   104        SH:  0    Dex:  9    Spells: 3/3 levels left

rFire    + . .     SeeInvis .   k - +0 halberd
rCold    . . .     Gourm    .   (shield currently unavailable)
rNeg     . . .     Faith    .   l - +1 leather armour {rF+}
rPois    .         Spirit   .   (helmet restricted)
rElec    .         Reflect  .   (no cloak)
rCorr    +         Harm     .   (no gloves)
MR       .....                  (no boots)
Stlth    +.........             (no amulet)
HPRegen  0.14/turn              (no ring)
MPRegen  0.09/turn              m - ring of resist corrosion

@: mighty
A: retaliatory headbutt, horns 2
a: Depart the Abyss, Bend Space, Renounce Religion


You were on level 3 of the Dungeon.
You worshipped Lugonu.
Lugonu was pleased with you.
You were not hungry.

You visited 1 branch of the dungeon, and saw 3 of its levels.
You visited the Abyss 1 time.

You collected 104 gold pieces.

Inventory:

Hand Weapons
 a - a +1 hand axe
 k - a +0 halberd (weapon)
Armour
 l - a +1 leather armour of fire resistance (worn)
Jewellery
 m - a ring of resist corrosion (right hand)
Wands
 n - a wand of clouds (6)
Scrolls
 e - 3 scrolls of remove curse
 f - 5 scrolls of magic mapping
 g - 2 scrolls of teleportation
Potions
 b - a potion of might
 d - 3 potions of curing {unknown}
 h - 2 potions of mutation {unknown}
Comestibles
 c - 6 rations
 j - 7 chunks of flesh


   Skills:
 * Level 5.0 Fighting
 + Level 3.3(3.4) Axes
 + Level 1.1(2.3) Polearms
 * Level 2.9 Armour
 + Level 1.8 Dodging
 + Level 0.2 Stealth
 * Level 2.6 Invocations


You had 3 spell levels left.
You didn't know any spells.
Your spell library was empty.

Dungeon Overview and Level Annotations

Branches:
Dungeon (3/15)

Altars:


Innate Abilities, Weirdness & Mutations

You reflexively headbutt those who attack you in melee.
You have a pair of horns on your head.


Message History

The puff of flame hits you. You resist. The orc hits you with a +0 flail.
* * * LOW HITPOINT WARNING * * *
You barely miss the orc.
You hear some strange, mumbled words.
A puff of flame appears from out of thin air!
The puff of flame hits you. You resist.
* * * LOW HITPOINT WARNING * * *
The orc closely misses you. Something hits you but does no damage.
The orc barely misses you. The orc hits you but does no damage.
Space bends around you!
You blink.
A puff of frost appears from out of thin air!
The puff of frost misses you.
An orc comes into view. It is wielding a +0 trident.
A puff of flame appears from out of thin air!
The puff of flame hits you. You resist.
* * * LOW HITPOINT WARNING * * *
The orc closely misses you.
A puff of frost appears from out of thin air!
The puff of frost hits you!
You die...

...## ##... #.... ....
#..# #.##..# .. #.....#
#.# .# #@# #.## #.#
#.#### #
#..###.###....####.#
#...................
#.......o...........
#.............o.......#
#......................
#............o........#
##.....รท...............#


You could see 2 orcs.

Vanquished Creatures
  4 gnolls (D:2)
  3 adders
  2 dart slugs (D:2)
  2 leopard geckos (D:2)
  2 orcs (D:3)
  4 giant cockroaches
  7 goblins
  4 hobgoblins
  4 jackals (D:1)
  2 quokkas
  A ball python (D:2)
  10 bats
  5 frilled lizards
  A kobold (D:1)
  8 rats
59 creatures vanquished.

Notes
Turn   | Place    | Note
-------+----------+-------------------------------------------
     0 | Abyss:1  | robertstho the Minotaur Abyssal Knight began the quest for
                  | the Orb.
     0 | Abyss:1  | Reached XP level 1. HP: 19/19 MP: 1/1
    69 | D:1      | Escaped the Abyss
   435 | D:1      | Reached * piety under Lugonu
   435 | D:1      | Reached skill level 4 in Fighting
   435 | D:1      | Reached XP level 2. HP: 24/27 MP: 2/2
  1155 | D:2      | Reached XP level 3. HP: 24/34 MP: 3/3
  1708 | D:2      | Reached XP level 4. HP: 21/41 MP: 4/4
  1998 | D:2      | Found a faded altar of an unknown god.
  2365 | D:2      | Reached ** piety under Lugonu
  2440 | D:3      | Reached skill level 5 in Fighting
  2508 | D:3      | Reached skill level 1 in Polearms
  2533 | D:3      | Killed from afar by an orc wizard

Levels and vault maps discovered:
D:1:      arrival_zaba_pyramid, layout_loops_corners, st_stairs_13,
          columned_hall_lemuel, solitary_fountain, chequers_garden
D:2:      layout_loops_cross, chequers_ecumenical_altar_simple, first_ration
D:3:      layout_loops_corners, wad_floor_pattern_1, uniq_robin

Skill      XL: |  1  2  3  4 |
---------------+-------------+-----
Fighting       | 4 5 |  5.0
Invocations    | 2 |  2.6
Axes           | 3 |  3.3
Polearms       | 1 |  1.1
Armour         | |  2.9
Dodging        | |  1.8
Stealth        | |  0.2

Action                   |  1- 3 |  4- 6 || total
-------------------------+-------+-------++-------
Melee: Hand axe          |    67 |       ||    67
       Headbutt          |    10 |     4 ||    14
       Halberd           |    11 |    66 ||    77
Invok: Depart the Abyss  |     1 |       ||     1
       Bend Space        |       |     1 ||     1
  Use: Scroll            |       |     3 ||     3
       Potion            |       |     1 ||     1
  Eat: Chunk             |     2 |     3 ||     5
Armor: Leather armour    |    21 |    23 ||    44
Dodge: Dodged            |    49 |    49 ||    98

Table legend:
 A = Non-vault XP
 B = Vault XP
 C = Vault XP percentage of total XP
 D = Non-vault monster count
 E = Vault monster count
 F = Vault count percentage of total count
                 A         B        C        D         E       F
            +---------+---------+-------+---------+---------+-------
      Total |     182 |       1 |   0.5 |      58 |       1 |   1.7
            +---------+---------+-------+---------+---------+-------
        D:1 |      31 |       1 |   3.1 |      18 |       1 |   5.3
        D:2 |     113 |       0 |   0.0 |      33 |       0 |   0.0
        D:3 |      38 |       0 |   0.0 |       7 |       0 |   0.0
            +---------+---------+-------+---------+---------+-------
